 Dungeon Crawl Stone Soup version 0.18-a0-1805-g8ab820f (webtiles) character file.

30 Zhenya25pyc the Shield-Bearer (level 3, 0/23 HPs)
             Began as a Gargoyle Fighter on Apr 26, 2016.
             Slain by Sigmund
             ... wielding a +0 scythe
              (6 damage)
             ... on level 1 of the Dungeon.
             The game lasted 00:01:34 (773 turns).

Zhenya25pyc the Shield-Bearer (Gargoyle Fighter)     Turns: 773, Time: 00:01:35

Health: 0/23       AC: 10    Str: 20    XL:     3   Next: 20%
Magic:  3/3        EV:  7    Int:  8    God:
Gold:   42         SH:  9    Dex:  9    Spells: 0 memorised, 2 levels left

rFire  . . .     SeeInvis .     a - +0 flail
rCold  . . .     Gourm    .     b - +0 scale mail
rNeg   + . .     Faith    .     c - +0 shield
rPois  ∞         Spirit   .     (no helmet)
rElec  +         Dismiss  .     (no cloak)
rCorr  .         Reflect  .     (no gloves)
SustAt .         Harm     .     (no boots)
MR     .....                    (no amulet)
Stlth  ..........               (no ring)
                                (no ring)

@: not resistant to hostile enchantments, extremely unstealthy
A: negative energy resistance 1, electricity resistance, unbreathing,
petrification resistance, rot immunity, AC +3
a: no special abilities


You were on level 1 of the Dungeon.
You were not hungry.

You visited 1 branch of the dungeon, and saw 2 of its levels.

You collected 42 gold pieces.

Inventory:

Hand Weapons
 a - a +0 flail (weapon)
Armour
 b - a +0 scale mail (worn)
 c - a +0 shield (worn)
Scrolls
 g - a scroll of noise {unknown}
 h - a scroll of fear {unknown}
 i - a scroll of remove curse {unknown}
 j - a scroll of blinking {unknown}
 k - a scroll of enchant armour {unknown}
Potions
 d - a potion of might
 e - a potion of flight {unknown}
Comestibles
 f - a bread ration


   Skills:
 + Level 3.5 Fighting
 * Level 2.6 Maces & Flails
 + Level 3.6 Armour
 + Level 3.7 Shields


You had 2 spell levels left.
You didn't know any spells.

Dungeon Overview and Level Annotations

Branches:
Dungeon (2/15)

Altars:

Annotations:
D:1 Sigmund


Innate Abilities, Weirdness & Mutations

You are resistant to torment.
Your stone body is resilient (AC +3).
You are immune to poison.
You resist negative energy.
You are resistant to electric shocks.
You can survive without breathing.
You are immune to petrification.
You are immune to rotting.


Message History

You closely miss Sigmund.
Sigmund is moderately wounded.
The quokka bites you but does no damage.
Sigmund points at you and mumbles some strange words.
The magic dart hits you!
* * * LOW HITPOINT WARNING * * *
You block the quokka's attack.
You are too injured to fight recklessly!
You are too injured to fight recklessly!
You are too injured to fight recklessly!
You are too injured to fight recklessly!
You are too injured to fight recklessly!
You are too injured to fight recklessly!
You closely miss Sigmund.
Sigmund is moderately wounded.
You block Sigmund's attack. You block the quokka's attack.
You closely miss Sigmund.
Sigmund is moderately wounded.
The quokka closely misses you. Sigmund hits you with a scythe.
You die...

##.......###...#####
##.....####).## #
########...## ####
#..#####... ####..# #...##
######.....# #.####
#######.........####.##..
#......†.............##..
#####.......@@..########.....
#........#..r#### ####..
#.[........### #..
#........### ### #..
#........# #.# ### #>.......#
##.# #........# #..#
#....>...# #..## #........#
#...#


You could see Sigmund and a quokka.

Vanquished Creatures
  A dart slug (D:1)
  2 giant geckos (D:1)
  A bat (D:1)
  A giant cockroach (D:1)
  6 goblins (D:1)
  3 hobgoblins (D:1)
  5 kobolds (D:1)
  5 rats (D:1)
24 creatures vanquished.

Notes
Turn   | Place    | Note
--------------------------------------------------------------
     0 | D:1      | Zhenya25pyc the Gargoyle Fighter began the quest for the Orb.
     0 | D:1      | Reached XP level 1. HP: 14/14 MP: 1/1
   299 | D:1      | Reached XP level 2. HP: 15/19 MP: 2/2
   562 | D:1      | Reached XP level 3. HP: 23/23 MP: 3/3
   754 | D:2      | Noticed Sigmund
   773 | D:1      | Slain by Sigmund

Vault maps used:
D:1:      saegor_arrival_simple_c
D:2:      nicolae_overflow_hidden_temple, elyvilon_altar_1, uniq_sigmund,
          uniq_jessica

Action                   || total
-------------------------++-------
Melee: Flail             ||   113
Armor: Scale mail        ||    68
Dodge: Dodged            ||    39
Block: Shield            ||    54
